 Dungeon Crawl Stone Soup version 0.18-a0-1702-gd20c6a5 (webtiles) character file.

32 HeOfManyNames the Insei (level 3, -3/29 HPs)
             Began as a Mummy Monk on Apr 7, 2016.
             Slain by an adder (5 damage)
             ... on level 2 of the Dungeon.
             The game lasted 00:04:15 (1748 turns).

HeOfManyNames the Insei (Mummy Monk)                Turns: 1748, Time: 00:04:16

Health: -3/29      AC:  0    Str: 14    XL:     3   Next: 8%
Magic:  3/3        EV: 13    Int:  9    God:
Gold:   77         SH:  0    Dex: 15    Spells: 0 memorised, 2 levels left

rFire  x . .     SeeInvis .       - Unarmed
rCold  + . .     Gourm    .     (no armour)
rNeg   + + +     Faith    .     (no shield)
rPois  ∞         Spirit   .     (no helmet)
rElec  .         Dismiss  .     (no cloak)
rCorr  .         Reflect  .     (no gloves)
SustAt .         Harm     .     (no boots)
MR     .....                    (no amulet)
Stlth  ++........               (no ring)
                                (no ring)

@: not resistant to hostile enchantments, unstealthy
A: no food or potions, fire vulnerability, cold resistance 1, negative energy
resistance 3, torment resistance, unbreathing
a: no special abilities


You were on level 2 of the Dungeon.
You were not hungry.

You visited 1 branch of the dungeon, and saw 2 of its levels.

You collected 77 gold pieces.


Innate Abilities, Weirdness & Mutations

You do not eat or drink.
Your flesh is vulnerable to fire.
You are immune to poison.
Your flesh is cold resistant.
You are immune to negative energy.
You are immune to unholy pain and torment.
You can survive without breathing.


   Skills:
 - Level 3.0 Fighting
 - Level 2.4 Dodging
 - Level 1.5 Stealth
 + Level 4.1 Unarmed Combat


You had 2 spell levels left.
You didn't know any spells.

Inventory:

Missiles
 a - a throwing net {=f}
Scrolls
 b - 2 scrolls of identify {unknown}
 c - 4 scrolls of teleportation {unknown}
 d - a scroll of enchant armour {unknown}
 e - 2 scrolls of fog {unknown}
 f - a scroll of recharging {unknown}
 g - a scroll of blinking {unknown}
 h - a scroll of immolation {unknown}

Dungeon Overview and Level Annotations

Branches:
Dungeon (2/15)

Altars:

....▒ ...▒▒ [....
.▒..... ...▒ . ..
....... ...▒ ...
....▒.. ▒.▒▒ ▒▒▒..▒
....... ▒.▒ ...▒.
.▒..... ▒.▒
...▒....... ▒.▒
▒..S.(.▒.. ▒.▒▒▒▒▒▒
▒M▒ ▒......▒ ▒▒.▒
▒▒▒▒▒▒.▒ ▒..▒▒▒▒.▒ ▒.▒
▒.▒.......▒ ▒.▒
▒.▒.▒▒▒▒▒▒▒ ▒.▒ ▒.▒.▒
▒▒.▒▒▒▒▒▒.▒.▒▒▒▒
▒.......▒.▒....▒▒▒▒▒▒▒
▒..▒▒▒▒.▒.▒.▒▒........


You could see an adder.


Message History

You are too injured to fight recklessly!!!
You are too injured to fight recklessly!!!
You are too injured to fight recklessly!!!
You are too injured to fight recklessly!!!
You are too injured to fight recklessly!!!
You are too injured to fight recklessly!!!
You are too injured to fight recklessly!!!
You are too injured to fight recklessly!!!
You are too injured to fight recklessly!!!
You are too injured to fight recklessly!!!
You are too injured to fight recklessly!!!
You are too injured to fight recklessly!!!
You are too injured to fight recklessly!!!
You are too injured to fight recklessly!!!
You are too injured to fight recklessly!!!
You are too injured to fight recklessly!!!
You are too injured to fight recklessly!!!
You are too injured to fight recklessly!!!
You are too injured to fight recklessly!!!
You are too injured to fight recklessly!!!
You are too injured to fight recklessly!!!
You are too injured to fight recklessly!!!
You pummel the adder but do no damage!
The adder is heavily wounded!
The adder bites you! * * * don't die
* * * You barely miss the adder!
The adder is heavily wounded!
The adder bites you! rip

Action                   || total
-------------------------++-------
Melee: Unarmed           ||   101
 Stab: Sleeping          ||     2

Vault maps used:
D:1:      dpeg_arrival_stone_temple_mockup
D:2:      nicolae_ashenzari_panopticon, kennysheep_doodads, due_unseen_surprise

Notes
Turn   | Place    | Note
--------------------------------------------------------------
     0 | D:1      | HeOfManyNames the Mummy Monk began the quest for the Orb.
     0 | D:1      | Reached XP level 1. HP: 18/18 MP: 1/1
   450 | D:1      | Reached XP level 2. HP: 19/24 MP: 2/2
  1126 | D:1      | Reached skill level 4 in Unarmed Combat
  1355 | D:2      | Reached XP level 3. HP: 8/29 MP: 3/3
  1747 | D:2      | HP: 2/29 [adder (5)]
  1748 | D:2      | Slain by an adder

Vanquished Creatures
  A worm (D:2)
  A dart slug (D:1)
  A giant gecko (D:1)
  3 goblins
  5 hobgoblins
  4 jackals (D:1)
  4 bats
  3 giant newts
  A kobold (D:1)
  2 rats (D:1)
25 creatures vanquished.
